Kradschützen Motorcycle Team
Selects Italian Combined Arms Battlegroup
Selects Bersaglieri Squad
Construct Light Support Kompanie
Selects Bersaglieri Bolster
Panzerjäger Mechanized Group
Construct Mechanized Kompanie
Selects Breda Model 30 Light Machine Guns
Kradschützen Motorcycle Team
Marder III Tank Destroyer
Selects Semovente da 75/18 Assault Gun
Selects Carro Armato M13/40 Light Tank
Semovente da 75/18 Assault Gun
Carro Armato M13/40 Light Tank